 Dungeon Crawl Stone Soup version 0.29.0-4-gdea44cf6ec (webtiles) character file.

Game seed: 12219934183484657316

1933 qw the Cleaver (level 9, 0/84 HPs)
             Began as a Gargoyle Berserker on Sept 6, 2022.
             Was a Believer of Trog.
             Shot with an arrow by a centaur (7 damage)
             ... on level 6 of the Dungeon.
             The game lasted 00:02:27 (6586 turns).

qw the Cleaver (Gargoyle Berserker)                 Turns: 6586, Time: 00:02:27

Health: 0/84       AC: 25    Str: 24    XL:     9   Next: 17%
Magic:  9/9        EV:  6    Int:  9    God:    Trog [**....]
Gold:   128        SH:  4    Dex:  9    Spells: 8/8 levels left

rFire   . . .      SeeInvis .   Y - +1 hand axe
rCold   . . .      Faith    .   j - +0 buckler
rNeg    + . .      Spirit   .   b - +0 plate armour
rPois   inf        Reflect  .   d - +0 helmet
rElec   +          Harm     .   (no cloak)
rCorr   .          Rampage  .   f - +1 pair of gloves
Will    .....                   h - +2 pair of boots
Stlth   ..........              (no amulet)
HPRegen 0.24/turn               (no ring)
MPRegen 0.11/turn               (no ring)

@: berserking (expiring), very quick
A: sickness immunity, AC +6, negative energy resistance 1, electricity
resistance, torment resistance 1, petrification resistance
a: Renounce Religion, Berserk, Trog's Hand


You were on level 6 of the Dungeon.
You worshipped Trog.
Trog was pleased with you.
You visited 1 branch of the dungeon, and saw 6 of its levels.

You collected 299 gold pieces.
You spent 171 gold pieces at shops.


Innate Abilities, Weirdness & Mutations

You are immune to sickness and miasma.
Your stone body is resilient. (AC +6)
You are immune to poison.
You resist negative energy. (rN+)
You are resistant to electric shocks. (rElec)
You are resistant to unholy torment.
You are immune to petrification.


   Skills:
 - Level 6.9 Fighting
 + Level 8.3 Axes
 - Level 5.5 Armour
 - Level 1.5 Dodging
 - Level 3.1 Shields


You had 8 spell levels left.
You didn't know any spells.
Your spell library was empty.

Inventory:

Hand Weapons
 k - the +9 morningstar of the Hidden Vale {flame, Will+ rCorr Dex+6}
   (You found it on level 6 of the Dungeon)

   It burns those it strikes, dealing additional fire damage.
   Dex:       It affects your dexterity (+6).
   rCorr:     It protects you from acid and corrosion.
   Will:      It increases your willpower.
 Y - a +1 hand axe (weapon)
Armour
 b - a +0 plate armour (worn)
 d - a +0 helmet (worn)
 f - a +1 pair of gloves (worn)
 h - a +2 pair of boots (worn)
 j - a +0 buckler (worn)
Scrolls
 a - 3 scrolls of identify
 m - 2 scrolls of teleportation
Potions
 e - 2 potions of haste
 g - 2 potions of curing
 i - 2 potions of heal wounds

Dungeon Overview and Level Annotations

Branches:
Dungeon (6/15)             Temple (0/1) D:5

Altars:
Dithmenos
Nemelex Xobeh
Ru

Shops:
D:4 **   D:5 [(

Annotations:
D:2 1 runed translucent door, Crazy Yiuf


Message History

The centaur shoots an arrow.
The arrow hits you but does no damage.
You start resting.
The killer bee stings you.
You slash the killer bee!
The killer bee is almost dead.
You hit the killer bee.
The killer bee stings you but does no damage.
The killer bee completely misses you.
You closely miss the killer bee.
The killer bee is almost dead.
You closely miss the killer bee.
The killer bee stings you but does no damage. x2
You slash the killer bee!
You kill the killer bee!
Trog accepts your kill.
You closely miss the killer bee. The killer bee stings you.
The killer bee stings you but does no damage.
You closely miss the killer bee.
The killer bee is lightly wounded.
The centaur shoots an arrow.
The arrow barely misses you.
The killer bee stings you but does no damage.
You miss the killer bee.
The killer bee is lightly wounded.
The centaur shoots an arrow.
The arrow barely misses you.
The killer bee stings you but does no damage.
You slash the killer bee!
The killer bee is severely wounded.
The killer bee stings you but does no damage.
The centaur shoots an arrow.
The arrow hits you but does no damage.
The centaur shoots an arrow.
The arrow hits you but does no damage.
The killer bee stings you but does no damage.
You slash the killer bee!
You kill the killer bee!
Trog accepts your kill.
The centaur shoots an arrow.
The arrow hits you!
The centaur shoots an arrow.
The arrow hits you but does no damage.
You start resting.
The centaur shoots an arrow.
The arrow hits you!
You die...

>. ~~~~~~~ #.# .#
..~~~~~ #.# .c~~~~~ #.#
.c~~~~~ #.# ~c~~~~~
####.#
~~~c~~~###########.##.#
~~~~~~~............##.#
~~~~~~~.##########.##.#
~~~~~~%@# #.##.#
###.###.# #.##.# # #.#
#.##.# #.# #.##.# #..
#.##.# ### #.##.#
#.##.# #.##.# #....#


You could see 4 centaurs.

Vanquished Creatures
  Grinder (D:6)
  Sigmund (D:2)
  A steam dragon (D:5)
  3 water moccasins
  3 black bears
  An ogre (D:5)
  A necrophage (D:4)
  A scorpion (D:4)
  3 killer bees (D:6)
  2 jellies
  A hound (D:5)
  An orc priest (D:4)
  6 iguanas
  Terence (D:2)
  2 orc wizards (D:4)
  Robin (D:3)
  6 adders
  2 shadow imps (D:6)
  A white imp (D:6)
  3 worms
  2 dart slugs
  8 orcs
  7 endoplasms
  3 giant cockroaches
  9 hobgoblins
  8 jackals
  3 quokkas
  3 training dummies (D:5)
  5 ball pythons
  9 bats
  A frilled lizard (D:1)
  12 goblins
  9 kobolds
  2 rats
122 creatures vanquished.

Notes
Turn   | Place    | Note
-------+----------+-------------------------------------------
     0 | D:1      | qw the Gargoyle Berserker began the quest for the Orb.
     0 | D:1      | Reached XP level 1. HP: 14/14 MP: 1/1
     0 | D:1      | 0 ||| qw: Version: 0.1-a-107-g9ff403c
     0 | D:1      | 0 ||| qw: Game counter: 6109
     0 | D:1      | 0 ||| qw: Always use a shield: true
     0 | D:1      | 0 ||| qw: Do Orc after D:15 true
     0 | D:1      | 0 ||| qw: Do second Lair branch before Depths: true
     0 | D:1      | 0 ||| qw: Lair rune preference: random
     0 | D:1      | 0 ||| qw: Plans: Normal
     0 | D:1      | 0 ||| PLANNING D:1-11
   248 | D:1      | Reached skill level 3 in Axes
   312 | D:1      | Reached XP level 2. HP: 19/19 MP: 2/2
   401 | D:1      | 401 ||| Stepping ~*~*~tactically~*~*~ (hiding).
   522 | D:1      | Found a faded altar of an unknown god.
   890 | D:1      | 890 ||| UPGRADING to +0 ring mail.
   900 | D:1      | 900 ||| DROPPING +0 animal skin.
   901 | D:1      | 901 ||| READING scroll labelled DIROEWKUUF.
   902 | D:1      | 902 ||| READING scroll labelled MOL HIOFAGRAPU.
   903 | D:1      | 903 ||| READING scroll labelled QUIRYK ESTIUK.
   904 | D:1      | 904 ||| READING scroll labelled CIZI YZOAJECRO.
   905 | D:1      | 905 ||| READING scroll labelled GUJEIN QEATEN.
   906 | D:1      | 906 ||| DRINKING 2 murky cyan potions.
   968 | D:2      | 968 ||| Stepping ~*~*~tactically~*~*~ (stealth).
   979 | D:2      | 979 ||| FLEEEEING.
   985 | D:2      | 985 ||| Stepping ~*~*~tactically~*~*~ (stealth).
  1118 | D:2      | You fall into a shaft and drop 2 floors!
  1120 | D:4      | 1120 ||| Stepping ~*~*~tactically~*~*~ (stealth).
  1122 | D:4      | 1122 ||| Stepping ~*~*~tactically~*~*~ (hiding).
  1126 | D:4      | 1126 ||| INVOKING Berserk.
  1131 | D:4      | Reached skill level 4 in Axes
  1131 | D:4      | Reached XP level 3. HP: 23/23 MP: 3/3
  1145 | D:4      | Reached XP level 4. HP: 14/28 MP: 4/4
  1161 | D:4      | HP: 6/28 [orc wizard/magic dart (3)]
  1162 | D:4      | 1162 ||| DRINKING potion of heal wounds.
  1171 | D:4      | 1171 ||| INVOKING Berserk.
  1262 | D:4      | 1262 ||| INVOKING Berserk.
  1268 | D:4      | Reached skill level 5 in Axes
  1393 | D:4      | 1393 ||| DROPPING +0 club.
  1406 | D:4      | Noticed a scorpion
  1414 | D:4      | Killed a scorpion
  1415 | D:4      | Reached XP level 5. HP: 30/33 MP: 5/5
  1444 | D:4      | 1444 ||| UPGRADING to +0 plate armour.
  1454 | D:4      | 1454 ||| DROPPING +0 ring mail.
  1455 | D:4      | 1455 ||| READING scroll labelled FOG QUOSURUO.
  1456 | D:4      | 1456 ||| READING scroll labelled ZOKIDW XAHO.
  1467 | D:3      | Noticed Robin
  1478 | D:3      | Reached ** piety under Trog
  1491 | D:3      | Reached skill level 3 in Armour
  1491 | D:3      | 1491 ||| INVOKING Berserk.
  1495 | D:3      | Killed Robin
  1605 | D:3      | 1605 ||| Stepping ~*~*~tactically~*~*~ (stealth).
  1609 | D:3      | Reached XP level 6. HP: 38/38 MP: 6/6
  1693 | D:3      | 1693 ||| UPGRADING to +0 helmet.
  1698 | D:3      | 1698 ||| READING 2 scrolls of identify.
  1698 | D:3      | 1698 ||| IDENTIFYING golden potion
  1708 | D:2      | Noticed Sigmund
  1711 | D:2      | 1711 ||| INVOKING Berserk.
  1729 | D:2      | Killed Sigmund
  1730 | D:2      | Reached skill level 6 in Axes
  1807 | D:2      | Noticed Terence
  1810 | D:2      | 1810 ||| INVOKING Berserk.
  1813 | D:2      | Killed Terence
  1998 | D:2      | Found a sparkling altar of Nemelex Xobeh.
  2245 | D:2      | Reached XP level 7. HP: 43/43 MP: 7/7
  2313 | D:2      | Found a runed translucent door.
  2314 | D:2      | Noticed Crazy Yiuf
  2701 | D:2      | 2701 ||| UPGRADING to +2 pair of boots.
  2706 | D:2      | 2706 ||| READING 2 scrolls labelled NUEFIR RECACEI.
  2707 | D:2      | 2707 ||| DRINKING 2 cyan potions.
  2708 | D:2      | 2708 ||| READING 2 scrolls of identify.
  2708 | D:2      | 2708 ||| IDENTIFYING fizzy grey potion
  2709 | D:2      | 2709 ||| DROPPING potion of berserk rage.
  2710 | D:2      | 2710 ||| DROPPING potion of invisibility.
  2711 | D:2      | 2711 ||| DROPPING scroll of vulnerability.
  2751 | D:3      | 2751 ||| Stepping ~*~*~tactically~*~*~ (stealth).
  2752 | D:3      | 2752 ||| Stepping ~*~*~tactically~*~*~ (stealth).
  3076 | D:3      | 3076 ||| Stepping ~*~*~tactically~*~*~ (stealth).
  3079 | D:3      | 3079 ||| Stepping ~*~*~tactically~*~*~ (stealth).
  3081 | D:3      | 3081 ||| Stepping ~*~*~tactically~*~*~ (stealth).
  3087 | D:3      | 3087 ||| Stepping ~*~*~tactically~*~*~ (stealth).
  3221 | D:3      | 3221 ||| Stepping ~*~*~tactically~*~*~ (stealth).
  3322 | D:3      | 3322 ||| DROPPING ring of flight.
  3323 | D:3      | 3323 ||| READING scroll labelled MIESTR IF LANOI.
  3328 | D:3      | 3328 ||| DRINKING 2 fizzy black potions.
  3329 | D:3      | 3329 ||| READING 3 scrolls of identify.
  3329 | D:3      | 3329 ||| IDENTIFYING metallic black potion
  3330 | D:3      | 3330 ||| DROPPING potion of flight.
  3347 | D:4      | 3347 ||| STAIRDANCE
  3542 | D:4      | Found Keadd's Assorted Antiques.
  3547 | D:4      | 3547 ||| BUYING 2 fizzy coppery potions (54 gold).
  3547 | D:4      | Bought 2 fizzy coppery potions for 54 gold pieces
  3547 | D:4      | 3547 ||| BUYING bubbling dark potion (27 gold).
  3547 | D:4      | Bought a bubbling dark potion for 27 gold pieces
  3547 | D:4      | 3547 ||| BUYING scroll of teleportation (90 gold).
  3547 | D:4      | Bought a scroll of teleportation for 90 gold pieces
  3705 | D:4      | 3705 ||| INVOKING Berserk.
  3709 | D:4      | HP: 16/64 [iguana (8)]
  3943 | D:4      | 3943 ||| INVOKING Berserk.
  4074 | D:4      | 4074 ||| FLEEEEING.
  4207 | D:4      | Reached skill level 7 in Axes
  4353 | D:4      | Found a shadowy altar of Dithmenos.
  4494 | D:4      | Found Yrantat's Assorted Antiques.
  4499 | D:4      | 4499 ||| SHOPLISTING blackened onyx ring (130 gold, have
                  | 12).
  4499 | D:4      | 4499 ||| SHOPLISTING coral ring (130 gold, have 12).
  4499 | D:4      | 4499 ||| SHOPLISTING ivory ring (130 gold, have 12).
  4499 | D:4      | 4499 ||| SHOPLISTING runed moonstone ring (130 gold, have
                  | 12).
  4499 | D:4      | 4499 ||| SHOPLISTING scroll labelled OCLEPR XIDIOD (26
                  | gold, have 12).
  4750 | D:4      | 4750 ||| UPGRADING to +1 pair of gloves.
  4755 | D:4      | 4755 ||| UPGRADING to +0 buckler.
  4760 | D:4      | 4760 ||| READING scroll labelled MECHOM GOTE.
  4820 | D:4      | 4820 ||| DRINKING 2 fizzy coppery potions.
  4821 | D:4      | 4821 ||| READING 3 scrolls of identify.
  4821 | D:4      | 4821 ||| IDENTIFYING bubbling dark potion
  4822 | D:4      | 4822 ||| DROPPING potion of degeneration.
  4823 | D:4      | 4823 ||| DROPPING potion of lignification.
  4856 | D:5      | Entered Level 5 of the Dungeon
  4902 | D:5      | Reached skill level 1 in Shields
  4913 | D:5      | Identified the +4 short sword of the Eleven Visions
                  | {freeze, rF+ rN+ rCorr}
  4955 | D:5      | 4955 ||| INVOKING Berserk.
  4961 | D:5      | Reached XP level 8. HP: 48/48 MP: 8/8
  5068 | D:5      | Found Wyiceub's Antique Armour Boutique.
  5087 | D:5      | Reached skill level 3 in Shields
  5148 | D:5      | 5148 ||| SHOPLISTING cloak (130 gold, have 26).
  5300 | D:5      | 5300 ||| Stepping ~*~*~tactically~*~*~ (hiding).
  5305 | D:5      | 5305 ||| INVOKING Berserk.
  5331 | D:5      | 5331 ||| Stepping ~*~*~tactically~*~*~ (stealth).
  5332 | D:5      | 5332 ||| Stepping ~*~*~tactically~*~*~ (stealth).
  5335 | D:5      | 5335 ||| Stepping ~*~*~tactically~*~*~ (stealth).
  5436 | D:5      | Found a staircase to the Ecumenical Temple.
  5454 | D:5      | 5454 ||| INVOKING Berserk.
  5592 | D:5      | Found Ewiukl Hauli's Firing Range.
  5598 | D:5      | 5598 ||| INVOKING Berserk.
  5764 | D:5      | 5764 ||| INVOKING Berserk.
  5947 | D:5      | 5947 ||| READING scroll labelled OCLEPR XIDIOD.
  5962 | D:6      | 5962 ||| INVOKING Berserk.
  5966 | D:6      | 5966 ||| STAIRDANCE
  6085 | D:6      | 6085 ||| INVOKING Berserk.
  6088 | D:6      | Reached skill level 8 in Axes
  6108 | D:6      | 6108 ||| STAIRDANCE
  6249 | D:6      | 6249 ||| Stepping ~*~*~tactically~*~*~ (hiding).
  6267 | D:6      | Identified the +9 morningstar of the Hidden Vale {flame,
                  | Will+ rCorr Dex+6}
  6269 | D:6      | 6269 ||| DROPPING +0 mace.
  6317 | D:6      | Found a sacrificial altar of Ru.
  6351 | D:6      | Noticed Grinder
  6352 | D:6      | 6352 ||| Stepping ~*~*~tactically~*~*~ (hiding).
  6354 | D:6      | 6354 ||| Stepping ~*~*~tactically~*~*~ (hiding).
  6357 | D:6      | 6357 ||| INVOKING Trog's Hand.
  6358 | D:6      | 6358 ||| INVOKING Berserk.
  6365 | D:6      | Killed Grinder
  6366 | D:6      | Reached skill level 6 in Fighting
  6366 | D:6      | Reached XP level 9. HP: 56/56 MP: 9/9
  6570 | D:6      | 6570 ||| INVOKING Berserk.
  6576 | D:6      | HP: 20/84 [shadow imp/nerve-wracking pain (7)]
  6581 | D:6      | HP: 17/84 [killer bee (1)]
  6585 | D:6      | HP: 7/84 [centaur/arrow (11)]
  6586 | D:6      | Shot with an arrow by a centaur

Levels and vault maps discovered:
D:1:      minmay_arrival_split_and_join, layout_rooms,
          hellmonk_ecumenical_altar_arch_garden
D:2:      layout_loops_ring, basic_altar, uniq_sigmund, uniq_crazy_yiuf_cottage,
          uniq_terence
D:3:      layout_loops_ring, minmay_pentomino_pile, uniq_robin
D:4:      layout_loops_ring, mainiacjoe_overflow_cross_hatched, serial_shops,
          nicolae_shop_hallway_plus, nicolae_shop_hallway_stairs
D:5:      layout_rooms, minmay_temple_entry_stoned_glass, serial_shops,
          nicolae_shop_trees, nicolae_shop_firing_range
D:6:      nicolae_whirlpool, layout_basic, overflow_temple_1_default,
          kennysheep_generic_room_16, uniq_grinder

Skill      XL: |  1  2  3  4  5  6  7  8 |
---------------+-------------------------+-----
Axes           | 3 4 5 6 7 8 |  8.3
Fighting       | 4 6 |  6.9
Armour         | 3 4 5 |  5.5
Shields        | 2 3 |  3.1
Dodging        | |  1.5

Action                   |  1- 3 |  4- 6 |  7- 9 || total
-------------------------+-------+-------+-------++-------
Melee: Hand axe          |    70 |   128 |   306 ||   504
       Punch             |       |     1 |     2 ||     3
Invok: Berserk           |     1 |     5 |    11 ||    17
       Trog's Hand       |       |       |     1 ||     1
  Use: Scroll            |     5 |     3 |     7 ||    15
       Potion            |     1 |     1 |     3 ||     5
Armor: Animal skin       |     7 |       |       ||     7
       Ring mail         |    10 |    25 |       ||    35
       Plate armour      |       |    73 |   209 ||   282
Dodge: Dodged            |    42 |    46 |    72 ||   160
Block: Buckler           |       |       |    16 ||    16

Table legend:
 A = Non-vault XP
 B = Vault XP
 C = Vault XP percentage of total XP
 D = Non-vault monster count
 E = Vault monster count
 F = Vault count percentage of total count
                 A         B        C        D         E       F
            +---------+---------+-------+---------+---------+-------
      Total |    2176 |     586 |  21.2 |     102 |      20 |  16.4
            +---------+---------+-------+---------+---------+-------
        D:1 |      23 |       0 |   0.0 |      14 |       0 |   0.0
        D:2 |      70 |     250 |  78.1 |      20 |       2 |   9.1
        D:3 |     123 |      49 |  28.5 |      25 |      14 |  35.9
        D:4 |     587 |       0 |   0.0 |      23 |       0 |   0.0
        D:5 |     967 |       6 |   0.6 |      11 |       3 |  21.4
        D:6 |     406 |     281 |  40.9 |       9 |       1 |  10.0
            +---------+---------+-------+---------+---------+-------
